 Dungeon Crawl Stone Soup version 0.18.1-47-g9310371 (webtiles) character file.

9749 Implojin the Grappler (level 11, -3/119 HPs)
             Began as a Troll Fighter on June 22, 2016.
             Was a High Priest of Okawaru.
             Slain by a wraith (7 damage)
             ... led by Josephine
             ... on level 13 of the Dungeon.
             The game lasted 00:17:22 (2556 turns).

Implojin the Grappler (Troll Fighter)               Turns: 2556, Time: 00:17:23

Health: -3/119     AC:  7    Str: 22    XL:     11   Next: 27%
Magic:  8/11       EV: 13    Int:  2    God:    Okawaru [*****.]
Gold:   246        SH: 17    Dex: 15    Spells: 0 memorised, 10 levels left

rFire  + . .     SeeInvis .       - Unarmed
rCold  . . .     Gourm    +     m - +1 robe "Zaopim" {+Fly rPois Int-4 Dex+3}
rNeg   . . .     Faith    .     b - +0 shield
rPois  +         Spirit   .     (helmet restricted)
rElec  +         Dismiss  .     f - +0 cloak
rCorr  .         Reflect  +     (gloves unavailable)
SustAt +         Harm     .     (boots unavailable)
MR     .....                    q - amulet "Niciha" {Reflect rElec rF+ Str-4 SH+6}
Stlth  ++........               x - ring of sustain attributes
                                p - +2 ring of intelligence

@: heroism, slowed, very slow, not resistant to hostile enchantments, unstealthy
A: unfitting armour, claws 3, fast metabolism 3, gourmand, regeneration 2,
shaggy fur 1, tough skin 2
a: Heroism, Finesse, Renounce Religion, Evoke Flight


You were on level 13 of the Dungeon.
You worshipped Okawaru.
Okawaru was extremely pleased with you.
You were full.

You visited 1 branch of the dungeon, and saw 14 of its levels.
You also visited: Ossuary.

You collected 246 gold pieces.

Inventory:

Missiles
 c - 3 tomahawks
 w - 14 javelins (quivered)
 D - 5 large rocks
Armour
 a - a +0 robe
 b - a +0 shield (worn)
 f - a +0 cloak (worn)
 j - a +0 cloak
 m - the +1 robe "Zaopim" (worn) {+Fly rPois Int-4 Dex+3}
   (You found it on level 7 of the Dungeon)

   It affects your intelligence (-4).
   It affects your dexterity (+3).
   It protects you from poison.
   It lets you fly.
 B - a +2 robe of positive energy
Jewellery
 i - an uncursed ring of resist corrosion
 p - a +2 ring of intelligence (left claw)
 q - the amulet "Niciha" (around neck) {Reflect rElec rF+ Str-4 SH+6}
   (You found it in an ossuary)

   [amulet of reflection]

   It shields you and reflects attacks.
   It affects your strength (-4).
   It protects you from fire.
   It insulates you from electricity.
   It affects your SH (+6).
 x - a ring of sustain attributes (right claw)
Scrolls
 e - a scroll of noise
 l - a scroll of immolation {unknown}
 n - a scroll of fog
 s - a scroll of enchant armour {unknown}
 t - 3 scrolls of remove curse
 u - a scroll of enchant weapon {unknown}
 y - a scroll of teleportation {unknown}
 C - a scroll of amnesia {unknown}
 H - a scroll of magic mapping
Potions
 g - a potion of ambrosia
 k - 2 potions of curing
 o - a potion of berserk rage {unknown}
 r - a potion of cure mutation {unknown}
 v - a potion of haste {unknown}
 z - a potion of heal wounds {unknown}
 G - a potion of invisibility {unknown}
Miscellaneous
 I - a lamp of fire (inert)
Comestibles
 d - 5 bread rations
 h - 2 meat rations
 A - 3 fruits
 F - a beef jerky


   Skills:
 - Level 10.6(15.6) Fighting
 - Level 2.4(7.4) Dodging
 - Level 2.4(7.4) Shields
 - Level 12.3(17.3) Unarmed Combat
 * Level 2.5 Invocations


You had 10 spell levels left.
You didn't know any spells.

Dungeon Overview and Level Annotations

Branches:
Dungeon (14/15)              Lair (0/8) D:11
 Temple: D:4-7          Orc: D:9-12      Vaults: D:13-14

Altars:
Okawaru
Qazlal
Vehumet

Shops:
D:12 }}

Annotations:
D:14 Rupert


Innate Abilities, Weirdness & Mutations

You are too large for most types of armour.
You have claws for hands.
Your metabolism is lightning-fast.
You like to eat raw meat.
You heal very quickly.
You are covered in fur (AC +1).
You have very tough skin (AC +2).


Message History

Josephine hits you but does no damage.
You scratch Josephine but do no damage.
Josephine is almost dead.
Josephine is infused with unholy energy.
* * * LOW HITPOINT WARNING * * *
Josephine draws life force from you and is healed!
You block Josephine's attack.
You gain the combat prowess of a mighty hero.
You feel slightly less full. Josephine closely misses you.
You block the wraith's attack.
Unknown command.
Unknown command.
You mangle Josephine!!
You kill Josephine!
Okawaru is honoured by your kill.
Your Invocations skill gained 2 levels and is now at level 2!
The wraith completely misses you.
You fail to use your ability.
You block the wraith's attack. The wraith hits you!
* * * LOW HITPOINT WARNING * * *
The wraith drains your vigour!
You feel as though you will be slow longer.
The wraith hits you!
* * * LOW HITPOINT WARNING * * *
You block the wraith's attack. The wraith barely misses you.
Unknown command.
You fail to use your ability.
The wraith hits you but does no damage. The wraith hits you.
* * * LOW HITPOINT WARNING * * *
You block the wraith's attack. x2
Unknown command.
You fail to use your ability.
You block the wraith's attack. x3
The wraith hits you!
* * * LOW HITPOINT WARNING * * *
The wraith hits you.
* * * LOW HITPOINT WARNING * * *
Unknown command.
You fail to use your ability.
You block the wraith's attack. The wraith barely misses you.
The wraith hits you!
You die...

#..# #.... ......
................. ..W..W
....... ......... ...W.
.##...###......# ....
.##.....##.....## ..##
.........##.....###...####
..##.....##.....@#........
...............WWW....#
†.....................# .#
##......##.....##..#...#
..
##..........#..##..##..#
##...###.###..###.# ...#
#.### #.# ##.# #.. ....
...# #.. ..# #... ... #
##..# .... ... ##... ...
..


You could see 3 wraiths.

Vanquished Creatures
  Josephine (D:13)
  A tengu warrior (D:14)
  Urug (D:14)
  The ghost of ashvdoggzone the Blocker, a novice FoFi of Okawaru (D:9)
  An unseen horror (D:11)
  3 hill giants
  An ugly thing (D:11)
  A cyclops (D:11)
  A gargoyle (D:13)
  A centaur skeleton (D:13)
  A tengu conjurer (D:14)
  5 yaks (D:11)
  2 wraiths (D:13)
  A hippogriff (D:11)
  A vampire mosquito (D:13)
  A water moccasin (D:5)
  2 orc warriors
  An ice beast (D:5)
  A crocodile (D:10)
  3 giant frogs
  8 scorpions
  5 wights (D:11)
  4 centaur zombies
  A giant frog zombie (D:11)
  An orc wizard (D:7)
  A jelly (D:12)
  3 orc priests
  2 giant frog skeletons
  2 human zombies (Ossuary)
  An iguana (D:8)
  4 worker ants
  4 sheep (D:11)
  3 big kobold zombies (Ossuary)
  A hound skeleton (D:7)
  3 mummies (Ossuary)
  3 gnolls (D:7)
  3 scorpion zombies (Ossuary)
  3 adders
  A shadow imp (D:9)
  An ooze (D:2)
  An adder skeleton (D:5)
  2 worms (D:3)
  A dart slug (D:2)
  2 giant geckos
  17 orcs
  2 gnoll zombies (Ossuary)
  2 goblins
  2 hobgoblins (D:3)
  2 goblin zombies (Ossuary)
  3 hobgoblin zombies (Ossuary)
  A kobold zombie (Ossuary)
  2 orc zombies (Ossuary)
  3 rats (D:3)
124 creatures vanquished.

Notes
Turn   | Place    | Note
--------------------------------------------------------------
     0 | D:1      | Implojin the Troll Fighter began the quest for the Orb.
     0 | D:1      | Reached XP level 1. HP: 22/22 MP: 0/0
    41 | D:2      | Reached XP level 2. HP: 29/29 MP: 1/1
   150 | D:3      | Reached skill level 3 in Unarmed Combat
   187 | D:3      | Reached XP level 3. HP: 18/36 MP: 2/2
   297 | D:4      | Found an iron altar of Okawaru.
   304 | D:4      | Became a worshipper of Warmaster Okawaru
   349 | D:4      | Noticed a scorpion
   363 | D:4      | Killed a scorpion
   363 | D:4      | Reached skill level 4 in Unarmed Combat
   363 | D:4      | Reached XP level 4. HP: 34/44 MP: 3/3
   365 | D:5      | Entered Level 5 of the Dungeon
   434 | D:5      | Reached skill level 5 in Unarmed Combat
   471 | D:5      | Noticed an ice beast
   490 | D:5      | Killed an ice beast
   490 | D:5      | Reached * piety under Okawaru
   490 | D:5      | Reached skill level 6 in Unarmed Combat
   490 | D:5      | Reached XP level 5. HP: 23/50 MP: 4/4
   538 | D:5      | Noticed a water moccasin
   541 | D:5      | Killed a water moccasin
   541 | D:5      | Reached XP level 6. HP: 54/59 MP: 2/5
   563 | D:7      | Reached skill level 7 in Unarmed Combat
   573 | D:7      | Found a sand-covered staircase.
   590 | D:7      | Found a radiant altar of Vehumet.
   592 | D:7      | Got a brightly glowing robe
   612 | D:7      | Noticed an orc warrior
   624 | D:7      | Reached XP level 7. HP: 44/66 MP: 2/6
   626 | D:7      | Reached ** piety under Okawaru
   626 | D:7      | Reached skill level 8 in Unarmed Combat
   651 | Ossuary  | Entered an ossuary
   751 | Ossuary  | Reached skill level 9 in Unarmed Combat
   847 | Ossuary  | Reached XP level 8. HP: 71/74 MP: 7/7
   865 | Ossuary  | Got a faintly glowing bone amulet
   879 | Ossuary  | Identified the amulet "Niciha" {Reflect rElec rF+ Str-4 SH+6} (You found it in an ossuary)
   909 | Ossuary  | Reached skill level 10 in Unarmed Combat
  1095 | D:8      | Identified the +1 robe "Zaopim" {+Fly rPois Int-4 Dex+3} (You found it on level 7 of the Dungeon)
  1180 | D:8      | Reached *** piety under Okawaru
  1227 | D:8      | Noticed a hill giant
  1233 | D:8      | Killed a hill giant
  1233 | D:8      | Reached skill level 11 in Unarmed Combat
  1270 | D:8      | You fall through a shaft for 2 floors!
  1270 | D:10     | Entered Level 10 of the Dungeon
  1334 | D:9      | Noticed ashvdoggzone's ghost (novice FoFi)
  1338 | D:8      | Found a stormy altar of Qazlal.
  1356 | D:9      | Killed ashvdoggzone's ghost
  1356 | D:9      | Reached **** piety under Okawaru
  1356 | D:9      | Reached skill level 12 in Unarmed Combat
  1356 | D:9      | Reached XP level 9. HP: 51/80 MP: 5/8
  1571 | D:11     | Noticed a hill giant
  1583 | D:11     | Reached skill level 3 in Fighting
  1591 | D:11     | Killed a hill giant
  1591 | D:11     | Reached skill level 5 in Fighting
  1611 | D:11     | Reached ***** piety under Okawaru
  1611 | D:11     | Reached skill level 6 in Fighting
  1658 | D:11     | Noticed a green ugly thing
  1674 | D:11     | Killed a green ugly thing
  1674 | D:11     | Received a gift from Okawaru
  1674 | D:11     | Reached XP level 10. HP: 61/100 MP: 6/9
  1678 | D:11     | Reached skill level 7 in Fighting
  1886 | D:11     | Noticed a cyclops
  1899 | D:11     | Killed a cyclops
  1899 | D:11     | Reached skill level 8 in Fighting
  1975 | D:11     | Killed an unseen horror
  2020 | D:12     | Found Maerehog's Gadget Shop.
  2055 | D:12     | Found Juehuat's Gadget Shop.
  2111 | D:13     | Noticed a gargoyle
  2114 | D:13     | Killed a gargoyle
  2114 | D:13     | Reached skill level 9 in Fighting
  2164 | D:13     | Noticed a hill giant
  2177 | D:13     | Killed a hill giant
  2277 | D:14     | Noticed a tengu warrior
  2284 | D:14     | Killed a tengu warrior
  2284 | D:14     | Received a gift from Okawaru
  2284 | D:14     | Reached skill level 10 in Fighting
  2288 | D:14     | Reached XP level 11. HP: 80/117 MP: 7/10
  2354 | D:14     | Noticed Urug
  2366 | D:14     | Killed Urug
  2460 | D:14     | Noticed a centaur warrior
  2463 | D:14     | Noticed Rupert
  2544 | D:13     | Noticed Josephine
  2552 | D:13     | Killed Josephine
  2552 | D:13     | Reached skill level 2 in Invocations
  2555 | D:13     | HP: 3/119 [wraith[Josephine] (4)]
  2556 | D:13     | Slain by a wraith

Skill      XL: |  1  2  3  4  5  6  7  8  9 10 11 |
---------------+----------------------------------+-----
Unarmed Combat | 3 4 6 7 9 12 | 12.3
Fighting       | 6 10 | 10.6
Invocations    | 2 |  2.5
Dodging        | |  2.4
Shields        | |  2.4

Action                   |  1- 3 |  4- 6 |  7- 9 | 10-12 || total
-------------------------+-------+-------+-------+-------++-------
Melee: Unarmed           |    59 |    80 |   188 |   115 ||   442
Throw: Javelin           |       |       |     1 |       ||     1
Invok: Heroism           |       |     3 |     8 |     9 ||    20
Evoke: Lamp of fire      |       |       |       |     1 ||     1
  Use: Scroll            |       |     2 |     2 |     5 ||     9
       Potion            |       |     1 |       |       ||     1
 Stab: Sleeping          |       |       |     1 |     2 ||     3
  Eat: Chunk             |     7 |     4 |    10 |     7 ||    28
Armor: Robe              |    25 |    20 |    14 |    33 ||    92
Dodge: Dodged            |    17 |    22 |    33 |    25 ||    97
Block: Shield            |    29 |    29 |    75 |    83 ||   216
       Reflection        |       |       |       |     5 ||     5

Table legend:
 A = Turns spent in this place as a percentage of turns spent in the entire game.
 B = Non-inter-level travel turns spent in this place as a percentage of non-inter-level travel turns spent in the entire game.
 C = Inter-level travel turns spent in this place as a percentage of turns spent in this place.
 D = Turns resting spent in this place as a percentage of non-inter-level travel turns spent in this place.
 E = Turns spent auto-exploring this place as a percentage of non-inter-level travel turns spent in this place.
 F = Non-inter-level travel turns spent in this place divided by the number of levels of this place that you've seen.
                   A       B       C       D       E      F
               +-------+-------+-------+-------+-------+----------------------
         Total | 100.0 | 100.0 |   0.0 |   0.0 |   0.0 | 166.7
       Dungeon |  86.9 |  86.9 |   0.0 |   0.0 |   0.0 | 155.2
       Ossuary |  13.1 |  13.1 |   0.0 |   0.0 |   0.0 | 328.0
               +-------+-------+-------+-------+-------+----------------------

Table legend:
 A = Kills in this place as a percentage of kills in entire the game.
 B = Kills by you in this place as a percentage of kills by you in the entire game.
 C = Kills by friends in this place as a percentage of kills by friends in the entire game.
 D = Other kills in this place as a percentage of other kills in the entire game.
 E = Experience gained in this place as a percentage of experience gained in the entire game.
 F = Experience gained in this place divided by the number of levels of this place that you have seen.
                   A       B       C       D       E      F
               +-------+-------+-------+-------+-------+----------------------
         Total | 100.0 | 100.0 |  -nan |  -nan | 100.0 | 928.5
       Dungeon |  76.6 |  76.6 |  -nan |  -nan |  94.6 | 940.9
       Ossuary |  23.4 |  23.4 |  -nan |  -nan |   5.4 | 756.0
               +-------+-------+-------+-------+-------+----------------------
